Map: Затон РВ

Players

ELESTRAGO - Winner!

  • Race: Terran Terran
  • League: Master
  • Spawn Location: 5:00

MindelVK

  • Race: Protoss Protoss
  • League: Master
  • Spawn Location: 11:00

VOD

Have the link to the VOD?

Description

Time

  • Played on: April 30, 2018, 7:30 a.m.
  • Length: 5:23
Show
View Real Time Build Order
Export as new Build Order

ELESTRAGO Terran - Winner!

Build Orders: Cyclone Opening, Reaper Expand 

Get SALT Encoding   

  12  0:00  SCV  
  13  0:13  SCV  
  14  0:18  Supply Depot  
  14  0:25  SCV  
  15  0:29  Refinery  
  15  0:40  SCV  
  16  0:44  Barracks  
  16  0:52  SCV  
  17  1:04  SCV  
  18  1:16  SCV  
  19  1:32  Reaper, Orbital Command  
  20  1:42  Command Center  
  20  1:53  Factory  
  20  1:58  SCV  
  21  2:02  Refinery  
  21  2:07  Barracks Reactor  
  21  2:10  SCV  
  21  2:15  Supply Depot  
  22  2:22  SCV  
  23  2:36  SCV  
  24  2:49  Cyclone  
  24  2:51  SCV  
  28  2:55  Cyclone, Orbital Command  
  31  3:03  SCV  
  32  3:12  Starport  
  32  3:15  SCV  
  33  3:22  SCV  
  36  3:27  Hellion x2, SCV  
  36  3:34  SCV  
  40  3:35  Barracks Tech Lab  
  40  3:38  Supply Depot  
  40  3:40  Supply Depot  
  43  3:48  Widow Mine x2  
  43  3:49  Medivac  
  46  3:59  SCV x2  
  47  4:11  SCV x2  
  49  4:22  Liberator  
  49  4:23  SCV  
  45  4:24  Widow Mine  
  45  4:25  Widow Mine  
  45  4:26  Marine  
  45  4:29  SCV  
  49  4:31  Bunker  
  49  4:32  Command Center  
  49  4:35  SCV  
  47  4:41  SCV  
  51  4:47  Supply Depot  
  51  4:48  SCV  
  52  4:53  SCV  
  52  4:56  Refinery  
  53  5:00  SCV  
  53  5:04  Barracks  
  53  5:05  SCV, Barracks  
  55  5:20  Supply Depot  
  55  5:21  Supply Depot  
  55  5:22  Engineering Bay  
Show
View Real Time Build Order
Export as new Build Order

MindelVK Protoss 

Build Orders: 1 Gate Expand 

Get SALT Encoding   

  12  0:01  Probe  
  13  0:13  Probe  
  14  0:17  Pylon  
  14  0:25  Probe  
  15  0:34  Probe  
  15  0:37  Gateway  
  15  0:42  Probe  
  16  0:47  Assimilator  
  17  0:51  Probe  
  18  1:03  Probe  
  19  1:23  Nexus  
  19  1:33  Cybernetics Core  
  19  1:37  Probe  
  20  1:45  Assimilator  
  20  1:49  Probe  
  20  1:53  Pylon  
  21  1:58  Probe  
  22  2:01  Stalker  
  22  2:06  Probe  
  22  2:12  Warp Gate  
  22  2:15  Probe  
  26  2:27  Probe  
  27  2:31  Stalker  
  27  2:34  Probe  
  29  2:39  Probe  
  29  2:42  Probe  
  31  2:47  Pylon  
  32  2:51  Probe  
  32  2:52  Probe  
  34  3:01  Stalker  
  34  3:03  Probe  
  37  3:08  Shield Battery  
  37  3:15  Gateway  
  37  3:18  Probe x2  
  39  3:24  Gateway  
  39  3:31  Probe  
  40  3:34  Probe  
  40  3:35  Twilight Council  
  40  3:39  Probe  
  41  3:42  Probe  
  41  3:47  Probe  
  43  3:52  Probe  
  43  3:54  Robotics Facility  
  45  3:59  Probe  
  46  4:03  Assimilator  
  46  4:04  Probe  
  46  4:08  Assimilator  
  47  4:12  Probe  
  47  4:16  Stalker  
  47  4:17  Stalker  
  48  4:33  Probe x2  
  50  4:40  Nexus  
  50  4:42  Pylon  
  50  4:45  Probe x2, Stalker  
  50  4:49  Pylon  
  50  4:51  Pylon  
  54  5:00  Probe, Observer  
  54  5:04  Robotics Bay  
Tags
 
Add a new tag
Caveats
  • Supply blocks, unpowered buildings, or Contaminate may cause inaccurate times.
  • Supply counts are checked every 10 seconds.